 Dungeon Crawl Stone Soup version 0.20.0-10-g0535bb4 (webtiles) character file.

29164 kuniqs the Blocker (level 13, 0/117 HPs)
             Began as a Minotaur Fighter on June 4, 2017.
             Was an Elder of the Shining One.
             Slain by Rupert
             ... wielding a +2 great sword of protection
              (2 damage)
             ... while paralysed by Rupert
             ... on level 15 of the Dungeon.
             The game lasted 00:17:02 (11968 turns).

kuniqs the Blocker (Minotaur Fighter)              Turns: 11968, Time: 00:17:04

Health: 0/117      AC: 23    Str: 30    XL:     13   Next: 13%
Magic:  15/16      EV:  2    Int:  7    God:    the Shining One [****..]
Gold:   396        SH:  0    Dex: 11    Spells: 12/12 levels left

rFire    . . .     SeeInvis .   U - +1 eveningstar of Laceration {crush, rC+}
rCold    + . .     Gourm    .   c - +0 shield
rNeg     + + .     Faith    .   w - +0 plate armour
rPois    .         Spirit   .   (helmet restricted)
rElec    .         Reflect  +   Y - +2 cloak {MR+}
rCorr    .         Harm     .   z - +2 pair of gloves
MR       +....                  (no boots)
Stlth    ..........             Q - +3 amulet of reflection
Regen    0.3/turn               (no ring)
MPRegen  0.2/turn               (no ring)

@: paralysed, mighty, divine shield, glowing
A: retaliatory headbutt, horns 2, camouflage 1, clever 1, low mp 1, shaggy fur
1, MP-powered wands
a: Divine Shield, Cleansing Flame, Renounce Religion


You were on level 15 of the Dungeon.
You worshipped the Shining One.
The Shining One was greatly pleased with you.
You were not hungry.

You visited 2 branches of the dungeon, and saw 16 of its levels.
You also visited: Sewer.

You collected 916 gold pieces.
You spent 520 gold pieces at shops.

Inventory:

Hand Weapons
 M - a +0 whip of distortion
 N - a +4 war axe of electrocution
 U - the +1 eveningstar of Laceration (weapon) {crush, rC+}
   (You bought it in a shop on level 10 of the Dungeon)

   It inflicts extra damage upon your enemies.
   It protects you from cold.
Missiles
 y - 2 throwing nets (quivered)
Armour
 c - a +0 shield (worn)
 w - a +0 plate armour (worn)
 z - a +2 pair of gloves (worn)
 Y - a +2 cloak of magic resistance (worn)
Jewellery
 Q - a +3 amulet of reflection (around neck)
 S - an uncursed ring of fire
Wands
 n - a wand of polymorph (14/24)
 s - a wand of digging (11/24)
 A - a wand of enslavement (15/24)
 H - a wand of confusion (26/48)
 L - a wand of paralysis (8/24)
 R - a wand of enslavement (10/24)
 Z - a wand of flame (24/48)
Scrolls
 g - 3 scrolls of fear {unknown}
 i - 9 scrolls of remove curse {@r2}
 j - 16 scrolls of identify {unknown}
 l - 4 scrolls of teleportation {unknown}
 p - 3 scrolls of fog {unknown}
 q - 2 scrolls of blinking {unknown}
 u - a scroll of enchant weapon {unknown}
 x - a scroll of noise {unknown}
 B - 5 scrolls of amnesia {unknown}
 C - 2 scrolls of random uselessness {unknown}
 F - 2 scrolls of recharging {unknown}
 G - 3 scrolls of immolation {unknown}
 I - 2 scrolls of enchant armour {unknown}
 V - 2 scrolls of magic mapping {unknown}
Potions
 a - 2 potions of ambrosia {unknown}
 b - 2 potions of degeneration {unknown}
 h - 3 potions of might
 m - 3 potions of berserk rage {unknown}
 o - 10 potions of curing {unknown}
 r - 2 potions of resistance
 t - 4 potions of mutation {unknown}
 v - 4 potions of flight {unknown}
 D - a potion of haste {unknown}
 E - a potion of cancellation {unknown}
 J - 4 potions of heal wounds {unknown}
 K - 2 potions of invisibility {unknown}
 O - a potion of agility {unknown}
 P - 4 potions of lignification {unknown}
 T - a potion of brilliance {unknown}
Miscellaneous
 W - a box of beasts
Comestibles
 d - 11 bread rations
 e - 8 meat rations
 f - 8 fruits
 k - 8 royal jellies
 X - 3 chunks of flesh


   Skills:
 + Level 11.9 Fighting
 + Level 12.0 Maces & Flails
 + Level 11.9 Armour
 - Level 8.3 Dodging
 + Level 12.3 Shields
 + Level 8.3 Invocations


You had 12 spell levels left.
You didn't know any spells.

Dungeon Overview and Level Annotations

Branches:
Dungeon (15/15)            Temple (1/1) D:5            Lair (0/6) D:10
    Orc (0/2) D:10
 Vaults: D:13-14     Depths: D:15

Altars:
Ashenzari
Cheibriados
Dithmenos
Elyvilon
Fedhas
Gozag
Hepliaklqana
Kikubaaqudgha
Makhleb
Nemelex Xobeh
Okawaru
Qazlal
Ru
Sif Muna
Trog
Uskayaw
Vehumet
Xom
Yredelemnul
Zin
The Shining One

Shops:
D:9 (   D:10 (

Annotations:
D:10 exclusion: oklob plant
D:14 2 exclusions
D:15 Rupert


Innate Abilities, Weirdness & Mutations

You reflexively headbutt those who attack you in melee.
You have a pair of horns on your head.
Your skin changes colour to match your surroundings (Stealth+).
Your mind is acute. (Int +2)
Your magical capacity is low. (-10% MP)
You are covered in fur. (AC +1)
You expend magic power (3 MP) to strengthen your wands.


Message History

Agnes is severely wounded.
You block Agnes's attack.
You miss Agnes.
Agnes is severely wounded.
Agnes hits you with a lajatang of electrocution!
* * * LOW HITPOINT WARNING * * *
Agnes closely misses you.
You completely miss Agnes.
Agnes is severely wounded.
You block Agnes's attack.
You impale Agnes!!
You kill Agnes!
Your Maces & Flails skill increases to level 12!
An ice beast comes into view.
You block the wight's attack. Rupert yells loudly at you.
You suddenly lose the ability to move!
The wight hits you but does no damage.
Rupert hits you with a great sword of protection.
You die...

#.##.# ## #.##.#
.. #.##.## #.
#.#...# ###.
#.#...### #...
#.......#
###.#Y##.....<...
#....D@#.......##
z..#.#zz@.....###
#zz######## #.#.
...z. #.#.#. ...
... .. . #.


You could see Rupert, an acid dragon, an ice beast and 4 wights.

Vanquished Creatures
  Agnes (D:15)
  Azrael (D:14)
  Erolcha (D:11)
  2 hydras
  A centaur warrior (D:13)
  4 two-headed ogres
  A tengu warrior (D:14)
  2 unseen horrors
  Pikel (D:8)
  2 deep elf magi
  9 ugly things
  2 cyclopes
  2 centaur zombies
  2 gargoyles
  A kobold demonologist (D:13)
  A komodo dragon (D:12)
  A troll (D:12)
  2 hornets (D:13)
  Grinder (D:3)
  6 slime creatures
  4 hogs (D:7)
  Eustachio (D:6)
  3 wyverns
  A human (D:7)
  A fire elemental (D:14)
  2 hungry ghosts
  2 basilisks
  Menkaure (D:6)
  A steam dragon (D:7)
  A soldier ant (D:12)
  2 water moccasins
  Duvessa (D:6)
  6 hell hounds
  A sky beast (D:12)
  4 slaves (D:8)
  Purgy (Sewer)
  2 ice beasts
  4 orc warriors
  2 phantoms
  5 ogres
  4 centaurs
  8 bullfrogs
  3 big kobolds
  A gnoll sergeant (D:12)
  Dowan (D:6)
  A wyvern zombie (D:6)
  3 wyvern skeletons
  2 scorpions
  2 water moccasin skeletons (D:5)
  12 killer bees
  4 wights (D:10)
  5 howler monkeys
  4 crimson imps
  3 bullfrog zombies
  5 hounds
  5 jellies
  4 orc priests
  A bullfrog skeleton (D:9)
  4 centaur skeletons
  2 iguanas
  7 worker ants
  12 orc wizards
  A hound zombie (D:5)
  A hound skeleton (D:10)
  Robin (D:4)
  15 adders
  4 gnolls (D:12)
  5 shadow imps
  An ooze (D:3)
  4 worms
  3 dart slugs
  8 leopard geckos
  21 orcs
  4 bats
  10 giant cockroaches
  10 goblins
  12 hobgoblins
  7 jackals
  4 quokkas
  5 ball pythons
  3 frilled lizards
  12 kobolds
  A leopard gecko zombie (D:5)
  2 quokka zombies
  5 rats
  A spectral orc (D:7)
321 creatures vanquished.

Vanquished Creatures (others)
  2 cyclopes (D:14)
  A yaktaur (D:14)
  A human (D:9)
  A centaur (D:9)
  An orc wizard (D:6)
6 creatures vanquished.

Grand Total: 327 creatures vanquished

Notes
Turn   | Place    | Note
-------+----------+-------------------------------------------
     0 | D:1      | kuniqs the Minotaur Fighter began the quest for the Orb.
     0 | D:1      | Reached XP level 1. HP: 19/19 MP: 0/0
    79 | D:1      | Reached XP level 2. HP: 27/27 MP: 1/1
   237 | D:1      | Found a sparkling altar of Nemelex Xobeh.
   715 | D:2      | Reached XP level 3. HP: 33/33 MP: 2/2
  1093 | D:2      | Reached XP level 4. HP: 34/41 MP: 3/3
  1305 | D:3      | Noticed Grinder
  1324 | D:3      | Killed Grinder
  1324 | D:3      | Reached skill level 5 in Fighting
  1324 | D:3      | Reached skill level 5 in Armour
  1324 | D:3      | Reached skill level 5 in Shields
  1324 | D:3      | Reached XP level 5. HP: 14/48 MP: 4/4
  1324 | D:3      | Reached XP level 6. HP: 16/56 MP: 5/5
  2064 | D:4      | Found a snail-covered altar of Cheibriados.
  2427 | D:4      | Noticed Robin
  2469 | D:4      | Killed Robin
  2538 | D:5      | Entered Level 5 of the Dungeon
  2563 | D:5      | Reached skill level 5 in Maces & Flails
  2565 | D:5      | Reached XP level 7. HP: 62/62 MP: 6/6
  2604 | D:5      | Found a burning altar of Makhleb.
  3186 | D:5      | Found a staircase to the Ecumenical Temple.
  3192 | Temple   | Entered the Ecumenical Temple
  3382 | D:6      | Found a glowing silver altar of Zin.
  3386 | D:6      | Noticed Dowan
  3387 | D:6      | Noticed Duvessa
  3410 | D:6      | Killed Duvessa
  3410 | D:6      | Reached skill level 1 in Dodging
  3421 | D:6      | Killed Dowan
  3451 | D:6      | Noticed Eustachio
  3466 | D:6      | Reached XP level 8. HP: 35/71 MP: 7/7
  3482 | D:6      | Killed Eustachio
  3762 | D:6      | Noticed Menkaure
  3771 | D:6      | Killed Menkaure
  3787 | D:6      | Found a glowing drain.
  3796 | Sewer    | Entered a sewer
  3802 | Sewer    | Noticed Purgy
  3815 | Sewer    | Killed Purgy
  4105 | D:6      | Found a shimmering altar of Xom.
  4192 | D:6      | Found a shattered altar of Ashenzari.
  4196 | D:6      | Found a glowing golden altar of the Shining One.
  4201 | D:6      | Became a worshipper of the Shining One
  4209 | D:6      | Found an iron altar of Okawaru.
  4526 | D:7      | Reached skill level 1 in Invocations
  4589 | D:7      | Reached XP level 9. HP: 72/79 MP: 8/8
  5060 | D:7      | Found a basalt altar of Yredelemnul.
  5255 | D:7      | Reached skill level 5 in Dodging
  5608 | D:8      | Noticed a two-headed ogre
  5613 | D:8      | Killed a two-headed ogre
  5613 | D:8      | Reached XP level 10. HP: 81/90 MP: 11/11
  5787 | D:8      | Noticed a two-headed ogre
  5797 | D:8      | Killed a two-headed ogre
  6230 | D:8      | Noticed Pikel
  6301 | D:8      | Killed Pikel
  6426 | D:8      | Noticed a two-headed ogre
  6431 | D:8      | Killed a two-headed ogre
  6560 | D:9      | Reached * piety under the Shining One
  6571 | D:9      | Found Guisan's Antique Weapon Emporium.
  6905 | D:9      | Noticed a gargoyle
  6912 | D:9      | Killed a gargoyle
  7077 | D:9      | Found an ancient bone altar of Kikubaaqudgha.
  7228 | D:10     | Entered Level 10 of the Dungeon
  7244 | D:10     | Found Qacimp's Antique Weapon Emporium.
  7270 | D:10     | Found a staircase to the Orcish Mines.
  7331 | D:10     | Noticed an oklob plant
  7408 | D:10     | Bought a crude eveningstar for 520 gold pieces
  7408 | D:10     | Identified the cursed +1 eveningstar of Laceration {crush, rC+} (You bought it in a shop on level 10 of the Dungeon)
  7455 | D:10     | Reached skill level 10 in Shields
  7457 | D:10     | Reached XP level 11. HP: 97/97 MP: 13/13
  7478 | D:10     | Reached ** piety under the Shining One
  7503 | D:10     | Found a staircase to the Lair.
  7523 | D:10     | Reached skill level 5 in Invocations
  8205 | D:11     | Noticed Erolcha
  8209 | D:11     | Killed Erolcha
  8217 | D:11     | Noticed a white ugly thing
  8230 | D:11     | Killed a white ugly thing
  8233 | D:11     | Gained mutation: You are covered in fur. (AC +1) [mutagenic meat]
  8234 | D:11     | Gained mutation: Your skin changes colour to match your surroundings (Stealth+). [mutagenic meat]
  8235 | D:11     | Gained mutation: Your magical capacity is low. (-10% MP) [mutagenic meat]
  8547 | D:11     | Noticed a cyan ugly thing
  8553 | D:11     | Killed a cyan ugly thing
  8556 | D:11     | Gained mutation: You expend magic power (3 MP) to strengthen your wands. [mutagenic meat]
  8557 | D:11     | Gained mutation: Your mind is acute. (Int +2) [mutagenic meat]
  8916 | D:12     | Reached skill level 10 in Armour
  8968 | D:12     | Noticed a deep elf mage
  8979 | D:12     | Killed a deep elf mage
  9241 | D:12     | Reached skill level 10 in Maces & Flails
  9349 | D:12     | Reached *** piety under the Shining One
  9349 | D:12     | Reached skill level 10 in Fighting
  9530 | D:12     | Noticed a four-headed hydra
  9540 | D:12     | Killed a four-headed hydra
 10026 | D:13     | Noticed a cyan ugly thing
 10034 | D:13     | Killed a cyan ugly thing
 10052 | D:13     | Noticed a seven-headed hydra
 10054 | D:13     | Noticed an unseen horror
 10057 | D:13     | Killed a seven-headed hydra
 10085 | D:13     | Killed an unseen horror
 10085 | D:13     | Reached XP level 12. HP: 85/107 MP: 14/14
 10765 | D:13     | Noticed a centaur warrior
 10769 | D:13     | Killed a centaur warrior
 11015 | D:13     | Noticed a two-headed ogre
 11020 | D:13     | Killed a two-headed ogre
 11059 | D:14     | Noticed a tengu warrior
 11067 | D:14     | Noticed Azrael
 11286 | D:14     | Reached **** piety under the Shining One
 11300 | D:14     | Killed a tengu warrior
 11432 | D:14     | Killed Azrael
 11462 | D:14     | Noticed a vault guard
 11503 | D:14     | Noticed a vault guard
 11663 | D:14     | Reached XP level 13. HP: 70/117 MP: 16/16
 11876 | D:15     | Entered Level 15 of the Dungeon
 11945 | D:15     | Noticed Agnes
 11953 | D:15     | Noticed Rupert
 11964 | D:15     | HP: 1/117 [Agnes/lajatang of electrocution (10)]
 11966 | D:15     | Killed Agnes
 11967 | D:15     | Paralysed by Rupert for 3 turns
 11968 | D:15     | Slain by Rupert

Skill      XL: |  1  2  3  4  5  6  7  8  9 10 11 12 13 |
---------------+----------------------------------------+-----
Fighting       | 4 5 6 7 8 9 10 11 | 11.9
Armour         | 4 5 6 7 8 9 10 11 | 11.9
Shields        | 4 5 6 7 8 10 11 12 | 12.3
Maces & Flails | 3 4 5 6 7 8 9 10 11 12 | 12.0
Dodging        | 1 3 5 6 8 |  8.3
Invocations    | 1 3 4 6 8 |  8.3

Action                   |  1- 3 |  4- 6 |  7- 9 | 10-12 | 13-15 || total
-------------------------+-------+-------+-------+-------+-------++-------
Melee: Flail             |    70 |   140 |   175 |       |       ||   385
       Headbutt          |     4 |    25 |    53 |    97 |     6 ||   185
       War axe           |       |       |    94 |   101 |       ||   195
       Eveningstar       |       |       |       |   367 |    40 ||   407
Invok: Divine Shield     |       |       |       |       |     1 ||     1
  Use: Scroll            |       |       |       |     3 |       ||     3
       Potion            |       |       |       |       |     1 ||     1
  Eat: Chunk             |     1 |     5 |    10 |    25 |     1 ||    42
       Royal jelly       |       |       |       |     1 |       ||     1
Armor: Scale mail        |    26 |    21 |       |       |       ||    47
       Plate armour      |       |    68 |   183 |   195 |     9 ||   455
Dodge: Dodged            |    21 |    32 |    66 |   118 |     7 ||   244
Block: Shield            |    43 |    74 |   179 |   376 |    26 ||   698
       Reflection        |       |       |       |    19 |       ||    19
